 Dungeon Crawl Stone Soup version 0.19.1 (webtiles) character file.

72 Ladykiller69 the Skirmisher (level 4, -2/40 HPs)
             Began as a Minotaur Abyssal Knight on Dec 8, 2016.
             Was a Believer of Lugonu.
             Slain by Philosophy's ghost (8 damage)
             ... on level 3 of the Dungeon.
             The game lasted 00:02:57 (1389 turns).

Ladykiller69 the Skirmisher (MiAK)                  Turns: 1389, Time: 00:02:58

Health: -2/40      AC:  9    Str: 16    XL:     4   Next: 6%
Magic:  4/4        EV:  7    Int:  9    God:    Lugonu [**....]
Gold:   45         SH:  0    Dex: 11    Spells: 0 memorised, 3 levels left

rFire  . . .     SeeInvis .     a - +1 falchion
rCold  . . .     Gourm    .     e - +0 chain mail
rNeg   . . .     Faith    .     (no shield)
rPois  .         Spirit   .     (helmet restricted)
rElec  .         Reflect  .     (no cloak)
rCorr  .         Harm     .     (no gloves)
MR     .....                    (no boots)
Stlth  ..........               (no amulet)
                                (no ring)
                                (no ring)

@: no status effects
A: retaliatory headbutt, horns 2
a: Depart the Abyss, Bend Space, Renounce Religion


You were on level 3 of the Dungeon.
You worshipped Lugonu.
Lugonu was pleased with you.
You were not hungry.

You visited 1 branch of the dungeon, and saw 3 of its levels.
You visited the Abyss 1 time.

You collected 45 gold pieces.

Inventory:

Hand Weapons
 a - a +1 falchion (weapon)
Missiles
 k - 78 stones (quivered)
 p - 19 bolts
Armour
 b - a +0 leather armour
 e - a +0 chain mail (worn)
Jewellery
 h - an uncursed ring of protection from magic {unknown}
Scrolls
 m - a scroll of amnesia {unknown}
 n - 3 scrolls of identify {unknown}
 o - a scroll of teleportation {unknown}
 q - a scroll of noise {unknown}
 r - a scroll of blinking {unknown}
 s - a scroll of random uselessness {unknown}
Potions
 d - a potion of cure mutation {unknown}
 f - 4 potions of curing {unknown}
 j - a potion of resistance {unknown}
 l - a potion of ambrosia {unknown}
Comestibles
 c - a bread ration
 i - a meat ration


   Skills:
 - Level 4.1 Fighting
 * Level 3.4 Long Blades
 + Level 3.1 Armour
 + Level 2.1 Dodging
 + Level 2.3 Invocations


You had 3 spell levels left.
You didn't know any spells.

Dungeon Overview and Level Annotations

Branches:
Dungeon (3/15)

Altars:
Sif Muna

Annotations:
D:3 Philosophy's ghost, amateur FoFi


Innate Abilities, Weirdness & Mutations

You reflexively headbutt those who attack you in melee.
You have a pair of horns on your head.


Message History

Philosophy's ghost hits you but does no damage.
Philosophy's ghost hits you!
You hit Philosophy's ghost.
Philosophy's ghost is heavily damaged.
Philosophy's ghost closely misses you.
You hit Philosophy's ghost but do no damage.
Philosophy's ghost is heavily damaged.
Philosophy's ghost hits you.
You hit Philosophy's ghost but do no damage.
Philosophy's ghost is heavily damaged.
Philosophy's ghost hits you!
* * * LOW HITPOINT WARNING * * *
You hit Philosophy's ghost but do no damage.
Philosophy's ghost is heavily damaged.
Philosophy's ghost barely misses you. You furiously retaliate!
You headbutt Philosophy's ghost, but do no damage.
You riposte.
You hit Philosophy's ghost.
Philosophy's ghost is severely damaged.
Philosophy's ghost hits you!
You die...

###############
#.............#
#............##
#...........##
#...........#
#...........#
#.......@...#
#.......W...#
###......#'##
#..........##
#.#####.#.#.#
#. #.#...#
#.#####
#..W....#
#.#######


You could see Philosophy's ghost.

Vanquished Creatures
  Jessica (D:2)
  An adder (D:2)
  A dart slug (D:2)
  A leopard gecko (D:2)
  A giant cockroach (D:2)
  3 goblins
  7 hobgoblins
  8 bats
  2 frilled lizards
  4 kobolds
  6 rats
35 creatures vanquished.

Notes
Turn   | Place    | Note
-------+----------+-------------------------------------------
     0 | Abyss:1  | Ladykiller69 the Minotaur Abyssal Knight began the quest for the Orb.
     0 | Abyss:1  | Reached XP level 1. HP: 19/19 MP: 1/1
     3 | D:1      | Escaped the Abyss
   217 | D:1      | Reached XP level 2. HP: 27/27 MP: 2/2
   541 | D:2      | Reached ** piety under Lugonu
   694 | D:2      | Noticed Jessica
   701 | D:2      | Killed Jessica
   701 | D:2      | Reached skill level 4 in Fighting
   701 | D:2      | Reached XP level 3. HP: 17/33 MP: 3/3
  1166 | D:2      | Reached XP level 4. HP: 40/40 MP: 4/4
  1203 | D:2      | Found a deep blue altar of Sif Muna.
  1368 | D:3      | Noticed Philosophy's ghost (amateur FoFi)
  1389 | D:3      | Slain by Philosophy's ghost

Skill      XL: |  1  2  3 |
---------------+----------+-----
Invocations    | 2 |  2.3
Fighting       | 4 |  4.1
Long Blades    | 3 |  3.4
Armour         | 3 |  3.1
Dodging        | 2 |  2.1

Action                   |  1- 3 |  4- 6 || total
-------------------------+-------+-------++-------
Melee: Falchion          |    79 |    16 ||    95
       Headbutt          |    15 |     2 ||    17
  Eat: Chunk             |     1 |     1 ||     2
Armor: Chain mail        |    58 |     1 ||    59
Dodge: Dodged            |    36 |     8 ||    44
       Rpst.: Falchion   |    12 |     3 ||    15
